 Dungeon Crawl Stone Soup version 0.30-b1-2-g02819fbbbe (webtiles) character file.

Game seed: 15088330949551962892

9 Alarkh the Shooter (level 2, 22/22 HPs)
             Began as a Demonspawn Hunter on May 24, 2023.
             Got out of the dungeon alive.
             The game lasted 00:00:17 (176 turns).

Alarkh the Shooter (Demonspawn Hunter)               Turns: 176, Time: 00:00:18

Health: 22/22      AC:  3    Str: 11    XL:     2   Next: 6%
Magic:  2/2        EV: 11    Int: 10    God:
Gold:   24         SH:  0    Dex: 16    Spells: 1/1 levels left

rFire   . . .        a - +0 shortbow
rCold   . . .        (shield currently unavailable)
rNeg    . . .        c - +0 leather armour
rPois   .            (no helmet)
rElec   .            (no cloak)
rCorr   .            (no gloves)
SInv    .            (no boots)
Will    .....        (no amulet)
Stlth   +            (no ring)
HPRegen 0.23/turn    (no ring)
MPRegen 0.08/turn

%: no passive effects
@: no status effects
A: hooves 1
a: no special abilities


You escaped.
You visited 1 branch of the dungeon, and saw 1 of its levels.

You collected 24 gold pieces.

Inventory:

Hand Weapons
 a - a +0 shortbow (weapon)
Armour
 c - a +0 leather armour (worn)
Scrolls
 b - 2 scrolls of immolation
 d - a scroll of enchant weapon {unknown}
 e - a scroll of acquirement {unknown}
 f - a scroll of noise {unknown}
Potions
 g - a potion of ambrosia {unknown}


   Skills:
 - Level 2.0 Fighting
 + Level 4.1 Ranged Weapons
 - Level 1.7 Dodging
 - Level 0.8 Stealth


You had one spell level left.
You didn't know any spells.
Your spell library was empty.

Dungeon Overview and Level Annotations

Branches:
Dungeon (1/15)

Altars:


Innate Abilities, Weirdness & Mutations

You have large cloven feet.


Message History

No target in view!
No target in view!
A bat comes into view.
A bat is nearby!
You shoot an arrow. The arrow hits the bat!
You kill the bat!
Your Ranged Weapons skill increases to level 4!
No target in view!
No target in view!
You see here a +0 club.
You see here a +0 club.
f - a scroll labelled QIRAODUHEC
g - a cyan potion No target in view!
No target in view!
Found a mace.
Found 3 stones.
Found a cloak.
No target in view!
A hobgoblin comes into view.
Found Plato's Guidebook on Arson.
Found a faded altar of an unknown god.
You shoot an arrow. The arrow closely misses the hobgoblin.
You shoot an arrow. The arrow hits the hobgoblin!
You kill the hobgoblin!
You have reached level 2!
Your demonic ancestry asserts itself...
Your feet thicken and deform.
A rat comes into view.
You shoot an arrow. The arrow hits the rat.
The rat is heavily wounded.
You shoot an arrow. The arrow closely misses the rat.
You shoot an arrow. The arrow hits the rat.
You kill the rat!
No target in view!
You see here a +0 cloak.
Found a stone staircase leading down.
There is an open door here.
There is a staircase leading out of the dungeon here.
Are you sure you want to leave the Dungeon?
This will make you lose the game!
You have escaped!

. . ...
............. ###
.....##.....# +.#
.....##.....# #.#
.....###....###.#
..............#.#
..............#.##
..............'.@#
..............#.##
..............#.#
............###.#
.....#........#.#
.....#........+.#
.....#....[..####
.............#
.#.#.........#


There were no monsters in sight!

Vanquished Creatures
  3 bats (D:1)
  2 hobgoblins (D:1)
  3 kobolds (D:1)
  A rat (D:1)
9 creatures vanquished.

Notes
Turn   | Place    | Note
-------+----------+-------------------------------------------
     0 | D:1      | Alarkh the Demonspawn Hunter began the quest for the Orb.
     0 | D:1      | Reached XP level 1. HP: 16/16 MP: 1/1
    74 | D:1      | Reached skill level 4 in Ranged Weapons
   148 | D:1      | Found a faded altar of an unknown god.
   151 | D:1      | Gained mutation: You have large cloven feet. [demonic
                  | ancestry]
   151 | D:1      | Reached XP level 2. HP: 22/22 MP: 2/2
   176 | D:$      | Got out of the dungeon alive.

Illustrated notes

Levels and vault maps discovered:
D:1:      minmay_arrival_three_doors, layout_basic,
          shapermc_ecumenical_altar_rom_forum, minmay_misc_feat_rows

Skill      XL: |  1 |
---------------+----+-----
Ranged Weapons | 4 |  4.1
Fighting       | |  2.0
Dodging        | |  1.7
Stealth        | |  0.8

Action                     || total
---------------------------++-------
   Fire: Shortbow          ||    19
  Dodge: Dodged            ||     1
